 Dungeon Crawl Stone Soup version 0.27-a0-951-gae3e1deef5 (webtiles) character file.

Game seed: 16249185033531190174

28 wakim the Insei (level 3, 0/23 HPs)
             Began as an Octopode Transmuter on Apr 11, 2021.
             Slain by Terence
             ... wielding a +0 falchion
              (3 damage)
             ... on level 2 of the Dungeon.
             The game lasted 00:03:12 (1108 turns).

wakim the Insei (Octopode Transmuter)               Turns: 1108, Time: 00:03:13

Health: 0/23       AC:  1    Str: 10    XL:     3   Next: 14%
Magic:  5/6        EV: 13    Int: 15    God:
Gold:   43         SH:  0    Dex: 12    Spells: 5/6 levels left

rFire    . . .     SeeInvis .     - Unarmed
rCold    . . .     Faith    .   (no shield)
rNeg     . . .     Spirit   .   (helmet currently unavailable)
rPois    .         Reflect  .   (no amulet)
rElec    .         Harm     .   (no ring)
rCorr    .         Rampage  .   (no ring)
Will     .....                  (no ring)
Stlth    +++.......             (no ring)
HPRegen  0.07/turn              (no ring)
MPRegen  0.10/turn              (no ring)
                                (no ring)
                                (no ring)

@: appendages (expiring)
A: tentacle spike 3, almost no armour, amphibious, 8 rings, camouflage 1,
gelatinous body 1, (nimble swimmer 1), tentacles
a: End Transformation


You were on level 2 of the Dungeon.
One of your tentacles had grown a beastly spike.
You visited 1 branch of the dungeon, and saw 2 of its levels.

You collected 43 gold pieces.

Inventory:

Potions
 a - a potion of curing {unknown}
 b - 2 potions of lignification {unknown}
 c - a potion of cancellation {unknown}
 d - a potion of brilliance {unknown}


   Skills:
 + Level 1.5 Fighting
 - Level 2.0 Dodging
 * Level 2.3 Stealth
 * Level 3.5 Unarmed Combat
 - Level 2.0 Spellcasting
 - Level 2.0 Transmutations


You had 5 spell levels left.
You knew the following spells:

 Your Spells              Type           Power      Damage    Failure   Level
a - Beastly Appendage     Tmut           14%        N/A       10%         1

Your spell library contained the following spells:

 Spells                   Type           Power      Damage    Failure   Level
 Wereblood                Tmut           7%         N/A       14%         2
 Spider Form              Tmut/Pois      2%         N/A       41%         3
 Ice Form                 Ice/Tmut       4%         N/A       82%         4
 Hydra Form               Tmut           3%         N/A       95%         5


Dungeon Overview and Level Annotations

Branches:
Dungeon (2/15)

Altars:

Annotations:
D:2 Terence


Innate Abilities, Weirdness & Mutations

One of your tentacles has grown a beastly spike.
You cannot wear most types of armour.
You are amphibious.
You can wear up to eight rings at the same time.
Your skin changes colour to match your surroundings (Stealth+).
Your rubbery body absorbs attacks. (AC +1, EV +1)
((You are camouflaged near water. (Stealth+)))
You have tentacles for arms and can constrict up to eight enemies at once.


Message History

You tentacle-slap the ball python. You grab the ball python.
You squeeze the ball python, but do no damage.
The ball python is moderately wounded.
You constrict the ball python. The ball python bites you.
The ball python misses you.
You tentacle-slap the ball python.
You kill the ball python!
Your tentacle spike disappears.
HP restored.
Terence the Incautious comes into view.
He is wielding a +0 falchion.
There is a stone staircase leading down here.
Casting: Beastly Appendage (safe; 10% risk of failure)
Confirm with . or Enter, or press ? or * to list all spells.
One of your tentacles grows a vicious spike.
The helpless Terence fails to defend himself.
You tentacle-slap Terence but do no damage.
Your grab misses Terence.
You pierce Terence.
Terence is lightly wounded.
Your transformation is almost over.
Terence barely misses you.
You tentacle-slap Terence. You grab Terence.
You pierce Terence.
Terence is heavily wounded.
You constrict Terence, but do no damage.
Terence misses you.
You tentacle-slap Terence but do no damage.
You pierce Terence, but do no damage.
You squeeze Terence.
Terence is heavily wounded.
You constrict Terence. Terence hits you with a +0 falchion!
You barely miss Terence.
Terence is severely wounded.
You constrict Terence. Terence hits you with a +0 falchion!
* * * LOW HITPOINT WARNING * * *
You tentacle-slap Terence.
Terence is severely wounded.
You constrict Terence. Terence hits you with a +0 falchion.
* * * LOW HITPOINT WARNING * * *
You tentacle-slap Terence.
Terence is almost dead.
You constrict Terence. Terence hits you with a +0 falchion.
You die...

# .. ... .
#.#. #.# .#
#.#.##.###.#
..........
#..#...#
#......#
#.#<...#
#@#..#.#
#.@.>..#
####.###
#... #####


You could see Terence.

Vanquished Creatures
  A bat (D:1)
  2 endoplasms (D:1)
  A giant cockroach (D:1)
  6 goblins (D:1)
  3 hobgoblins (D:1)
  5 ball pythons
  2 frilled lizards (D:1)
  3 kobolds (D:1)
  3 rats (D:1)
26 creatures vanquished.

Notes
Turn   | Place    | Note
-------+----------+-------------------------------------------
     0 | D:1      | wakim the Octopode Transmuter began the quest for the Orb.
     0 | D:1      | Reached XP level 1. HP: 13/13 MP: 3/3
   179 | D:1      | Reached skill level 1 in Stealth
   243 | D:1      | Reached XP level 2. HP: 17/18 MP: 3/5
   845 | D:1      | Reached XP level 3. HP: 17/23 MP: 4/6
  1099 | D:2      | Noticed Terence
  1108 | D:2      | Slain by Terence

Illustrated notes

Levels and vault maps discovered:
D:1:      dpeg_arrival_tiny_e, layout_basic
D:2:      layout_basic, minmay_diced_spiral, uniq_terence

Skill      XL: |  1  2 |
---------------+-------+-----
Stealth        | 1 2 |  2.3
Fighting       | |  1.5
Dodging        | |  2.0
Unarmed Combat | |  3.5
Spellcasting   | |  2.0
Transmutations | |  2.0

Action                   || total
-------------------------++-------
Melee: Unarmed           ||    66
       Constrict         ||    19
       Kick              ||    14
       Tentacles         ||     9
 Cast: Beastly Appendage ||    14
 Stab: Sleeping          ||     3
Armor: Skin              ||     4
Dodge: Dodged            ||    32

Table legend: (Time is in decaauts)
 A = Elapsed time spent in this place.
 B = Non-inter-level travel time spent in this place.
 C = Inter-level travel time spent in this place.
 D = Time resting spent in this place.
 E = Time spent auto-exploring this place.
 F = Levels seen in this place.
 G = Mean time per level.
                   A        B        C        D        E       F      G
               +--------+--------+--------+--------+--------+-----+--------+
         Total |   1104 |   1063 |     41 |      0 |    767 |   2 |  552.0 |
       Dungeon |   1104 |   1063 |     41 |      0 |    767 |   2 |  552.0 |
               +--------+--------+--------+--------+--------+-----+--------+

Top non-repeatable levels by time:
     D:1: 1059 daAuts
     D:2: 45 daAuts
